 Dungeon Crawl Stone Soup version 0.31-a0-152-g6aa68a64a1 (webtiles) character file.

Game seed: 8997088235165155993

16013 comborobin the Skirmisher (level 12, -1/64 HPs)
             Began as a Deep Elf Delver on June 10, 2023.
             Was a High Priest of Okawaru.
             Succumbed to a cane toad's poison
             ... on level 11 of the Dungeon.
             The game lasted 00:26:55 (11742 turns).

comborobin the Skirmisher (Deep Elf Delver)        Turns: 11742, Time: 00:26:55

Health: -1/64      AC: 12    Str:  9    XL:     12   Next: 6%
Magic:  23/25      EV: 19    Int: 17    God:    Okawaru [*****.]
Gold:   919        SH:  0    Dex: 26    Spells: 13/19 levels left

rFire   . . .        G - +0 orcbow (chaos)
rCold   . . .        (shield currently unavailable)
rNeg    . . .        M - +1 troll leather armour
rPois   .            o - +0 helmet
rElec   .            t - +2 cloak
rCorr   .            (no gloves)
SInv    .            v - +0 pair of boots
Will    +....        (no amulet)
Stlth   ++++         k - +6 ring of dexterity
HPRegen 1.10/turn    A - ring of wizardry
MPRegen 0.19/turn

%: wizardry (x1)
@: lethally poisoned (-1 -> -7)
A: iridescent scales 1, deterioration 1, high MP 1, teleportitis 1
a: Renounce Religion, Heroism, Finesse, Duel


You were on level 11 of the Dungeon.
You worshipped Okawaru.
Okawaru was extremely pleased with you.
You visited 3 branches of the dungeon, and saw 13 of its levels.
You also visited: Bailey.

You collected 919 gold pieces.

Inventory:

Hand Weapons
 a - a +0 orcbow
 b - a +1 dagger of venom
 c - a +0 sling
 i - a +0 quarterstaff of freezing
 m - a +0 short sword
 E - a +0 shortbow of draining
 G - a +0 orcbow of chaos (weapon)
 O - a +0 sling
Missiles
 I - 2 curare-tipped darts
 T - an atropa-tipped dart
Armour
 h - +0 acid dragon scales
 j - a +0 leather armour
 l - a +1 robe of willpower
 o - a +0 helmet (worn)
 p - the +4 tower shield "Faulaoth" {rN+}
   (You found it in a bailey)

   rN:        It protects you from negative energy.
 t - a +2 cloak (worn)
 v - a +0 pair of boots (worn)
 x - a +0 pair of gloves
 H - the +7 crystal plate armour "Naluosk" {+Inv rN+ SInv}
   (You found it in a bailey)

   rN:        It protects you from negative energy.
   SInv:      It lets you see invisible.
   +Inv:      It lets you turn invisible.
 K - +0 swamp dragon scales
 M - a +1 troll leather armour (worn)
 N - the +3 buckler of Poor Excuses {rElec Will- Int-2 Slay+6}
   (Okawaru gifted it to you on level 10 of the Dungeon)

   Int:       It affects your intelligence (-2).
   Slay:      It affects your accuracy & damage with ranged weapons and melee
   (+6).
   rElec:     It insulates you from electricity.
   Will:      It decreases your willpower.
 U - a +0 pair of gloves of strength
Magical Staves
 y - a staff of earth
Jewellery
 k - a +6 ring of dexterity (left hand)
 u - a ring of positive energy
 A - a ring of wizardry (right hand)
 D - a ring of magical power
 F - a ring of magical power
Wands
 d - a wand of flame (14)
 f - a wand of iceblast (2)
 g - a wand of digging (1)
 r - a wand of quicksilver (1)
Scrolls
 n - 4 scrolls of vulnerability
 q - a scroll of teleportation
 s - 7 scrolls of identify
 B - a scroll of fog
 C - a scroll of acquirement {unknown}
 J - a scroll of enchant weapon
Potions
 w - 4 potions of attraction {unknown}
 z - 2 potions of mutation
 L - a potion of brilliance
 P - 2 potions of enlightenment
 R - a potion of might


   Skills:
 - Level 2.4 Fighting
 - Level 2.1 Short Blades
 + Level 14.7 Ranged Weapons
 - Level 2.0 Armour
 + Level 8.4 Dodging
 - Level 6.0 Stealth
 - Level 4.0 Spellcasting
 - Level 3.0 Conjurations
 - Level 7.0 Earth Magic
 - Level 4.0 Poison Magic
 - Level 12.0 Invocations
 - Level 3.4 Evocations


You had 13 spell levels left.
You knew the following spells:

 Your Spells              Type           Power      Damage    Failure   Level
e - Mephitic Cloud        Conj/Pois/Air  11%        N/A       11%         3
s - Swiftness             Air            3%         N/A       26%         3

Your spell library contained the following spells:

 Spells                   Type           Power      Damage    Failure   Level
 Shock                    Conj/Air       32%        1d5       4%          1
 Poisonous Vapours        Pois/Air       20%        N/A       6%          2
 Olgreb's Toxic Radiance  Pois           17%        N/A       16%         4
 Borgnjor's Vile Clutch   Necr/Erth      7%         N/A       45%         5
 Airstrike                Air            1%         2d(1-17)  61%         4
 Passage of Golubria      Tloc           3%         N/A       61%         4
 Freezing Cloud           Conj/Ice/Air   3%         6-21      80%         5
 Yara's Violent Unravell  Hex/Tmut       1%         3d3       90%         5
 Discord                  Hex            1%         N/A       100%        8
 Ignition                 Fire           1%         3d3       100%        8
 Tukima's Dance           Hex            Unusable   N/A       N/A         3
 Animate Dead             Necr           Unusable   N/A       N/A         4
 Death Channel            Necr           Unusable   N/A       N/A         6

Dungeon Overview and Level Annotations

Branches:
Dungeon (12/15)            Temple (1/1) D:5            Lair (1/5) D:11
    Orc (0/2) D:12         Bailey (visited)

Altars:
Ashenzari
Cheibriados
Dithmenos
Elyvilon
Fedhas
Gozag
Hepliaklqana
Kikubaaqudgha
Makhleb
Nemelex Xobeh
Okawaru
Qazlal
Ru
Sif Muna
Trog
Uskayaw
Vehumet
Wu Jian
Xom
Yredelemnul
Zin
The Shining One

Shops:
D:3 (   D:12 :

Annotations:
D:3 Natasha
D:11 Fannar


Innate Abilities, Weirdness & Mutations

You are partially covered in iridescent scales. (AC +2)
Your body sometimes deteriorates upon taking damage.
You have an increased reservoir of magic. (+10% MP)
You are occasionally teleported next to monsters.


Message History

The blink frog hits you.
The blink frog hits you but does no damage.
The cane toad barely misses you. The blink frog misses you.
The blink frog closely misses you. The cane toad stings you!
You are poisoned.
The cane toad poisons you! The blink frog misses you. The blink frog hits you!
The blink frog blinks!
You climb upwards.
Level annotation: Fannar You feel extremely sick.
There is a staircase to the Lair, spattered with blood here.
You are too injured to fight recklessly!
You are too injured to fight recklessly!
You are too injured to fight recklessly!
As you read the scroll of teleportation, it crumbles to dust.
You feel strangely unstable.
You feel very sick.
The blink frog blinks!
The cane toad closely misses you.
The blink frog blinks!
Okay, then.
You feel very sick. The cane toad barely misses you.
The blink frog blinks!
The blink frog barely misses you. The cane toad stings you.
* * * LOW HITPOINT WARNING * * *
You are lethally poisoned!
The cane toad poisons you!
Okay, then.
* * * LOW HITPOINT WARNING * * *
You feel very sick.
The blink frog blinks!
The cane toad closely misses you.
The blink frog attacks as you move away!
The blink frog misses you.
* * * LOW HITPOINT WARNING * * *
You feel very sick.
The blink frog blinks!
The blink frog hits the plant!
The plant begins to die.
It was a potion of mutation.
You feel extremely strange.
Iridescent scales grow over part of your body.
You feel weirdly uncertain.
You feel yourself wasting away.
You feel more energetic.
Your surroundings suddenly seem different.
You die...

.......# #...............#
.......# #...............#
.......# #...............#
#.###'######...............######
#.##....#..########.......##....#
...#....#.........#.......#.....#
...#....#.........#.......#.....#
####....##'##.###'#.......####'##
.....#####.#####@.##.............
.....#..#..........#.............
.....'..'..........#.............
.....#..##....######.............
.....#..##....#..................
.....#..##....#..................
.....#........'..................
.....#..#######.....#######'#####
.....'..#...........#........#..#


There were no monsters in sight!

Vanquished Creatures
  2 boulder beetles (D:11)
  Lodul (D:11)
  3 cyclopes
  Maurice (D:12)
  A manticore (D:12)
  Joseph (D:7)
  Maggie (D:8)
  2 unseen horrors (D:11)
  A komodo dragon (D:11)
  A troll (D:9)
  A hornet (D:8)
  2 blink frogs
  Prince Ribbit (D:7)
  4 slime creatures
  3 shadows
  A vampire (D:12)
  A wraith (D:12)
  14 yaks
  6 vampire mosquitoes (D:12)
  A steam dragon (D:8)
  2 acid dragons
  Duvessa (D:5)
  4 water moccasins
  6 orc warriors
  6 black bears
  10 ogres (D:11)
  8 centaurs
  2 kobold brigands
  6 bullfrogs
  3 scorpions
  A gnoll sergeant (D:7)
  5 wights (D:10)
  Dowan (D:5)
  12 killer bees
  5 howler monkeys
  2 hounds
  3 jellies
  A sleepcap (D:5)
  3 orc priests
  3 iguanas
  10 orc wizards
  Robin (D:2)
  3 gnolls (D:7)
  9 adders
  A shadow imp (D:7)
  3 ufetubi
  4 worms
  2 dart slugs
  38 orcs
  3 ball pythons
  5 endoplasms
  5 giant cockroaches
  17 goblins
  6 hobgoblins
  13 kobolds
  6 bats
  4 frilled lizards (D:2)
  3 rats (D:2)
265 creatures vanquished.

Notes
Turn   | Place    | Note
-------+----------+-------------------------------------------
     0 | D:5      | comborobin the Deep Elf Delver began the quest for the Orb.
     0 | D:5      | Reached XP level 1. HP: 13/13 MP: 3/3
    14 | D:5      | Found a staircase to the Ecumenical Temple.
    28 | D:5      | Noticed a black bear
    31 | Temple   | Entered the Ecumenical Temple
    38 | Temple   | Became a worshipper of Warmaster Okawaru
    73 | D:5      | Noticed a jelly
    75 | D:5      | Noticed a wight
   138 | D:5      | Found an ornate altar of the Wu Jian Council.
   242 | D:3      | Found Wanos's Weapon Shop.
   270 | D:3      | Reached skill level 1 in Evocations
   438 | D:3      | Reached XP level 2. HP: 16/18 MP: 4/4
  1042 | D:3      | Noticed Natasha
  1355 | D:2      | Reached XP level 3. HP: 20/22 MP: 5/5
  1404 | D:2      | HP: 1/22 [poisoned by an adder]
  1418 | D:2      | Reached skill level 1 in Ranged Weapons
  1421 | D:2      | Reached skill level 2 in Ranged Weapons
  1421 | D:2      | Reached XP level 4. HP: 27/27 MP: 6/6
  1590 | D:2      | Found a faded altar of an unknown god.
  1906 | D:2      | Noticed Robin
  1985 | D:2      | Reached skill level 3 in Ranged Weapons
  1990 | D:2      | Killed Robin
  2122 | D:2      | Reached skill level 1 in Invocations
  2259 | D:4      | Found a sparkling altar of Nemelex Xobeh.
  2394 | D:4      | Reached XP level 5. HP: 31/31 MP: 7/7
  2487 | D:4      | Reached skill level 4 in Ranged Weapons
  2871 | D:4      | Reached XP level 6. HP: 32/36 MP: 9/9
  2933 | D:4      | Reached skill level 5 in Ranged Weapons
  3830 | D:5      | Reached * piety under Okawaru
  3831 | D:5      | Reached skill level 6 in Ranged Weapons
  3950 | D:5      | Reached XP level 7. HP: 28/40 MP: 10/10
  4093 | D:5      | Found a sacrificial altar of Ru.
  4163 | D:5      | Reached skill level 7 in Ranged Weapons
  4224 | D:5      | Noticed Duvessa
  4382 | D:5      | Noticed Dowan
  4409 | D:5      | Killed Duvessa
  4410 | D:5      | Reached skill level 8 in Ranged Weapons
  4411 | D:5      | Killed Dowan
  4647 | D:5      | Reached skill level 9 in Ranged Weapons
  4703 | D:5      | Reached ** piety under Okawaru
  4792 | D:6      | Reached skill level 10 in Ranged Weapons
  4792 | D:6      | Reached XP level 8. HP: 40/45 MP: 11/11
  4796 | D:6      | Learned a level 3 spell: Swiftness
  5136 | D:6      | Reached skill level 11 in Ranged Weapons
  5355 | D:6      | Found a broken altar of Ashenzari.
  5483 | D:6      | Learned a level 3 spell: Mephitic Cloud
  5761 | D:7      | Reached *** piety under Okawaru
  5771 | D:7      | Reached skill level 1 in Spellcasting
  5771 | D:7      | Reached skill level 1 in Conjurations
  5771 | D:7      | Reached skill level 1 in Earth Magic
  5771 | D:7      | Reached skill level 1 in Poison Magic
  5926 | D:7      | Reached XP level 9. HP: 32/49 MP: 13/15
  5981 | D:7      | Found a flagged portal.
  6012 | Bailey   | Entered a bailey
  6131 | Bailey   | Reached **** piety under Okawaru
  6252 | Bailey   | Identified the +7 crystal plate armour "Naluosk" {+Inv rN+
                  | SInv}
  6254 | Bailey   | Identified the +4 tower shield "Faulaoth" {rN+}
  6443 | D:7      | Noticed Prince Ribbit
  6448 | D:7      | Killed Prince Ribbit
  6457 | D:7      | Reached skill level 5 in Earth Magic
  6524 | D:7      | Noticed Joseph
  6593 | D:7      | Killed Joseph
  7175 | D:8      | Reached ***** piety under Okawaru
  7237 | D:8      | Reached skill level 5 in Dodging
  7366 | D:8      | Noticed Maggie
  7377 | D:8      | Reached XP level 10. HP: 54/54 MP: 16/18
  7394 | D:8      | Reached skill level 12 in Ranged Weapons
  7881 | D:8      | Reached skill level 13 in Ranged Weapons
  8029 | D:8      | Killed Maggie
  8039 | D:8      | Reached skill level 5 in Invocations
  8869 | D:10     | Entered Level 10 of the Dungeon
  8910 | D:10     | Reached skill level 1 in Armour
  9059 | D:10     | Identified the +3 buckler of Poor Excuses {rElec Will-
                  | Int-2 Slay+6} (Okawaru gifted it to you on level 10 of the
                  | Dungeon)
  9059 | D:10     | Received a gift from Okawaru
  9525 | D:11     | Noticed Fannar
  9527 | D:11     | Noticed a boulder beetle
  9531 | D:11     | Noticed a boulder beetle
  9546 | D:11     | Killed a boulder beetle
  9547 | D:11     | Reached XP level 11. HP: 25/58 MP: 19/19
  9618 | D:11     | Found a staircase to the Lair.
  9679 | D:11     | Killed a boulder beetle
  9680 | D:11     | Reached skill level 10 in Invocations
 10424 | D:11     | Noticed Sonja
 10428 | D:11     | Sonja changed into Sonja the ogre
 10428 | D:11     | Noticed Sonja
 10430 | D:11     | Killed Sonja the ogre
 10519 | D:11     | Noticed Lodul
 10549 | D:11     | Killed Lodul
 10810 | D:12     | Noticed Maurice
 10864 | D:12     | Killed Maurice
 10865 | D:12     | Reached skill level 14 in Ranged Weapons
 11061 | D:12     | Found a staircase to the Orcish Mines.
 11157 | D:12     | Found Cacorul's Book Boutique.
 11266 | D:11     | Received a gift from Okawaru
 11372 | D:12     | Noticed an orc knight
 11421 | D:12     | Received a gift from Okawaru
 11444 | D:12     | HP: 2/58 [something (13)]
 11514 | D:11     | Reached XP level 12. HP: 48/64 MP: 23/23
 11673 | Lair:1   | Entered Level 1 of the Lair of Beasts
 11740 | D:11     | HP: 3/64 [poisoned by a cane toad]
 11741 | D:11     | HP: 1/64 [poisoned by a cane toad]
 11742 | D:11     | Gained mutation: You are partially covered in iridescent
                  | scales. (AC +2) [potion of mutation]
 11742 | D:11     | Gained mutation: You are occasionally teleported next to
                  | monsters. [potion of mutation]
 11742 | D:11     | Gained mutation: Your body sometimes deteriorates upon
                  | taking damage. [potion of mutation]
 11742 | D:11     | Gained mutation: You have an increased reservoir of magic.
                  | (+10% MP) [potion of mutation]
 11742 | D:11     | Succumbed to a cane toad's poison

Illustrated notes

Levels and vault maps discovered:
D:2:      layout_basic, serial_glass, glass_columns_b, glass_columns_c,
          glass_columns_b, glass_columns_b, item_on_display_a,
          minmay_strange_pillars, item_on_display_a, item_on_display_a,
          hellmonk_ecumenical_altar_zigzags, grunt_decor_one_mirror,
          minmay_box_of_dots, uniq_robin
D:3:      layout_loops_cross, serial_shops, shop, uniq_natasha
D:4:      layout_gridville, nemelex_spade_bored_becter
D:5:      layout_rooms, mainiacjoe_overflow_cross_hatched,
          nicolae_wu_jian_wuxing_cycle, temple_pool_b, uniq_duvessa
D:6:      layout_basic, mainiacjoe_overflow_alcove_1
D:7:      layout_cave_pods, enter_bailey_3, uniq_joseph, uniq_prince_ribbit1
D:8:      layout_loops_cross, uniq_maggie
D:9:      layout_small_grid, serial_park_tiny_pond, hive_lemuel
D:10:     layout_roguey
D:11:     layout_gridville, david_lair_shrubbed, uniq_lodul, uniq_fannar,
          uniq_sonja
D:12:     layout_rooms, orc_0_dummy, serial_shops, nicolae_shop_waterfront,
          minmay_the_grid_2x2 [minmay_the_grid_embedded,
          minmay_the_grid_minigrid_medium, minmay_the_grid_eight,
          minmay_the_grid_prize_four_corners], uniq_maurice
Temple:   nicolae_temple_no_exploring_needed
Lair:1:   layout_hall_layers, pdpol_lair_cavern_descent, lemuel_fruit_tree,
          lemuel_fruit_fields

Skill      XL: |  1  2  3  4  5  6  7  8  9 10 11 |
---------------+----------------------------------+-----
Evocations     | 1 3 |  3.4
Ranged Weapons | 2 3 4 6 10 11 13 14 | 14.7
Invocations    | 1 2 4 9 12 | 12.0
Dodging        | 3 4 5 8 |  8.4
Spellcasting   | 2 4 |  4.0
Conjurations   | 2 3 |  3.0
Earth Magic    | 2 7 |  7.0
Poison Magic   | 2 4 |  4.0
Armour         | 2 |  2.0
Fighting       | |  2.4
Short Blades   | |  2.1
Stealth        | |  6.0

Action                     |  1- 3 |  4- 6 |  7- 9 | 10-12 || total
---------------------------+-------+-------+-------+-------++-------
  Melee: Short sword       |     4 |       |       |       ||     4
         Quarterstaff      |     1 |       |       |       ||     1
         Dagger            |    54 |   177 |    35 |    40 ||   306
         Punch             |     1 |     1 |     1 |     1 ||     4
         Unarmed           |       |     9 |    18 |       ||    27
   Fire: Sling             |     8 |     3 |       |       ||    11
         Shortbow          |       |    27 |    54 |       ||    81
         Orcbow            |       |       |   193 |   548 ||   741
   Cast: Mephitic Cloud    |       |       |    17 |    32 ||    49
 Invoke: Heroism           |       |       |     1 |     9 ||    10
         Finesse           |       |       |       |     1 ||     1
  Evoke: Wand              |     3 |     7 |     3 |    18 ||    31
    Use: Scroll            |     3 |     8 |     7 |     8 ||    26
         Potion            |     5 |     1 |     3 |    12 ||    21
   Stab: Sleeping          |     5 |    12 |       |     1 ||    18
         Confused          |       |     1 |       |       ||     1
 Armour: Leather armour    |    20 |    78 |    57 |     9 ||   164
         Skin              |       |       |    33 |       ||    33
         Troll leather arm |       |       |       |    89 ||    89
  Dodge: Dodged            |    37 |   181 |   128 |   254 ||   600

Table legend: (Time is in decaauts)
 A = Elapsed time spent in this place.
 B = Non-inter-level travel time spent in this place.
 C = Inter-level travel time spent in this place.
 D = Time resting spent in this place.
 E = Time spent auto-exploring this place.
 F = Levels seen in this place.
 G = Mean time per level.
                   A        B        C        D        E       F      G
               +--------+--------+--------+--------+--------+-----+--------+
         Total |  11572 |  11051 |    521 |   2459 |   5805 |  14 |  826.6 |
       Dungeon |  11125 |  10611 |    514 |   2367 |   5628 |  11 | 1011.4 |
        Temple |     14 |      8 |      6 |      0 |      0 |   1 |   14.0 |
          Lair |     41 |     41 |      0 |      0 |      3 |   1 |   41.0 |
        Bailey |    390 |    390 |      0 |     92 |    173 |   1 |  390.0 |
               +--------+--------+--------+--------+--------+-----+--------+

Top non-repeatable levels by time:
    D:11: 1562 daAuts
     D:4: 1554 daAuts
     D:3: 1193 daAuts
     D:5: 1130 daAuts
     D:7: 1059 daAuts
     D:8: 1051 daAuts
     D:6: 959 daAuts
     D:2: 821 daAuts
     D:9: 701 daAuts
    D:12: 602 daAuts
    D:10: 488 daAuts
  Bailey: 390 daAuts
  Lair:1: 41 daAuts
  Temple: 14 daAuts
